 Dungeon Crawl Stone Soup version 0.28.0-47-ge53b351184 (webtiles) character file.

Game seed: 16982206127647036407

194791 Allula97 the Severer (level 18, -1/176 HPs)
             Began as a Deep Dwarf Berserker on Apr 29, 2022.
             Was an Elder of Trog.
             Killed by the raging water
             ... invoked by a water nymph
              (16 damage)
             ... on level 4 of the Shoals on May 3, 2022.
             The game lasted 01:54:30 (23920 turns).

Allula97 the Severer (Deep Dwarf Berserker)        Turns: 23920, Time: 01:54:31

Health: -1/176     AC: 21    Str: 23    XL:     18   Next: 11%
Magic:  3/3        EV: 18    Int: 14    God:    Trog [****..]
Gold:   1366       SH: 21    Dex: 26    Spells: 17/17 levels left

rFire   + . .      SeeInvis +   R - +11 war axe of the Shining Light {holy, Fragile +Blink rC+++ Will+}
rCold   + + +      Faith    .   e - +0 kite shield
rNeg    + + .      Spirit   .   k - +4 chain mail of Qenao {rPois Slay+5}
rPois   +          Reflect  +   I - +0 hat of the Realm of Zot {-Tele Int+4 Dex+10 Stlth+}
rElec   +          Harm     .   a - scarf {rC+ rF+}
rCorr   +          Rampage  .   P - +1 pair of gloves
Will    +++++      Clarity  +   x - +0 pair of boots
Stlth   +......... NoTele   +   j - amulet "Katrotuq" {Reflect rElec SH+5}
HPRegen 0.00/turn               c - ring of resist corrosion
MPRegen 0.08/turn               i - ring of Henotheism {*Corrode rN+ Will+++ Slay+2 SInv}

@: very slow
A: damage resistance, heal wounds, negative energy resistance 1, sense
surroundings 3, no regeneration, clarity, MP-powered wands
a: Heal Wounds, Renounce Religion, Evoke Blink, Berserk, Trog's Hand, Brothers
in Arms


You were on level 4 of the Shoals.
You worshipped Trog.
Trog was greatly pleased with you.
You visited 5 branches of the dungeon, and saw 26 of its levels.
You visited the Abyss 1 time.
You visited 1 bazaar.
You also visited: Sewer, Ice Cave and Volcano.

You collected 3489 gold pieces.
You spent 2123 gold pieces at shops.

Inventory:

Hand Weapons
 B - a +5 broad axe of holy wrath
 E - the +8 hand axe "Henwomi" {holy, Str+4}
   (You found it on level 3 of the Elven Halls)

   It has been blessed by the Shining One to cause great damage to the undead
   and demons.
   Str:       It affects your strength (+4).
 K - a +1 demon whip of flaming
 N - the +8 demon blade "Leech" {vamp, Harm Drain rN+}
   (You found it on level 1 of the Elven Halls)

   It heals its wielder for a portion of the damage dealt every time it strikes
   a living foe.
   rN:        It protects you from negative energy.
   Drain:     It drains your maximum health when unequipped.
   Harm:      It increases damage dealt and taken.
 R - the +11 war axe of the Shining Light (weapon) {holy, Fragile +Blink rC+++ Will+}
   (You bought it in a shop on level 4 of the Dungeon)

   It has been blessed by the Shining One to cause great damage to the undead
   and demons.
   rC:        It renders you almost immune to cold.
   +Blink:    It lets you blink.
   Fragile:   It will be destroyed if unequipped.
   Will:      It increases your willpower.
 S - a +2 vampiric broad axe
 T - a +3 broad axe of flaming
 X - the +11 hand axe "Kamoxir" {spect, *Rage rElec rF++ Int+8}
   (You found it on level 3 of the Elven Halls)

   When its wielder attacks, the weapon's spirit leaps out and strikes again.
   The spirit shares a part of any damage it takes with its wielder.
   Int:       It affects your intelligence (+8).
   rF:        It greatly protects you from fire.
   rElec:     It insulates you from electricity.
   *Rage:     It berserks you when you make melee attacks (+20% chance).
Missiles
 p - 3 curare-tipped darts (quivered)
 A - 2 atropa-tipped darts
 F - 4 throwing nets
Armour
 a - a scarf of resistance (worn)
 e - a +0 kite shield (worn)
 k - the +4 chain mail of Qenao (worn) {rPois Slay+5}
   (You found it on level 11 of the Dungeon)

   Slay:      It affects your accuracy & damage with ranged weapons and melee
   (+5).
   rPois:     It protects you from poison.
 x - a +0 pair of boots (worn)
 I - the +0 hat of the Realm of Zot (worn) {-Tele Int+4 Dex+10 Stlth+}
   (You bought it in a shop on level 11 of the Dungeon)

   Int:       It affects your intelligence (+4).
   Dex:       It affects your dexterity (+10).
   -Tele:     It prevents most forms of teleportation.
   Stlth:     It makes you more stealthy.
 P - a +1 pair of gloves (worn)
 Y - the +4 plate armour of Pappull {rC+ Dex+4}
   (You found it on level 3 of the Elven Halls)

   Dex:       It affects your dexterity (+4).
   rC:        It protects you from cold.
 Z - the +0 plate armour "Geintoe" {Will+ Regen+ Str+2 Stlth+}
   (You found it on level 3 of the Elven Halls)

   Str:       It affects your strength (+2).
   Regen:     It increases your rate of health regeneration.
   Will:      It increases your willpower.
   Stlth:     It makes you more stealthy.
Jewellery
 c - a ring of resist corrosion (left hand)
 g - a +6 ring of dexterity
 i - the ring of Henotheism (right hand) {*Corrode rN+ Will+++ Slay+2 SInv}
   (You found it in an ice cave)

   [ring of positive energy]

   Slay:      It affects your accuracy & damage with ranged weapons and melee
   (+2).
   rN:        It protects you from negative energy.
   SInv:      It lets you see invisible.
   *Corrode:  It may corrode you when you take damage.
   Will:      It greatly increases your willpower.
 j - the amulet "Katrotuq" (around neck) {Reflect rElec SH+5}
   (You acquired it on level 5 of the Dungeon)

   [amulet of reflection]

   It reflects blocked missile attacks.
   rElec:     It insulates you from electricity.
   SH:        It affects your SH (+5).
 v - the ring of Kuarucwu {rPois Int+6}
   (You took it off a deep elf sorcerer on level 3 of the Elven Halls)

   [ring of intelligence]

   Int:       It affects your intelligence (+6).
   rPois:     It protects you from poison.
 M - the amulet of the Rabble {Reflect rElec SH+5}
   (You found it on level 4 of the Shoals)

   [amulet of reflection]

   It reflects blocked missile attacks.
   rElec:     It insulates you from electricity.
   SH:        It affects your SH (+5).
Wands
 h - a wand of digging (10)
 y - a wand of acid (12)
 z - a wand of iceblast (29)
 H - a wand of paralysis (8)
 O - a wand of mindburst (8)
Scrolls
 d - 16 scrolls of teleportation
 o - 9 scrolls of fear
 q - 5 scrolls of blinking
 u - 6 scrolls of fog
 w - 13 scrolls of identify
 G - a scroll of magic mapping
 J - 3 scrolls of enchant armour
Potions
 b - 9 potions of attraction
 f - 5 potions of curing
 l - a potion of magic
 n - 5 potions of resistance
 r - 2 potions of haste
 s - 2 potions of invisibility
 t - 3 potions of berserk rage
 C - a potion of cancellation
 D - 3 potions of might
 L - a potion of flight
Miscellaneous
 m - a phantom mirror
 V - a phantom mirror
 W - a piece from Xom's chessboard (15/15)


   Skills:
 * Level 14.7 Fighting
 * Level 18.6(19.1) Axes
 + Level 6.6(13.0) Maces & Flails
 + Level 2.0 Throwing
 * Level 14.6 Armour
 * Level 13.3 Dodging
 + Level 6.3 Stealth
 * Level 15.3 Shields
 + Level 6.1 Evocations


You had 17 spell levels left.
You didn't know any spells.
Your spell library contained the following spells:

 Spells                   Type           Power      Damage    Failure   Level
 Beastly Appendage        Tmut           0%         N/A       92%         1
 Freeze                   Ice            0%         1d3       92%         1
 Magic Dart               Conj           0%         1d3       92%         1
 Shock                    Conj/Air       0%         1d3       92%         1
 Summon Small Mammal      Summ           0%         N/A       92%         1
 Corpse Rot               Necr/Air       0%         N/A       98%         2
 Passwall                 Tmut/Erth      0%         N/A       98%         2
 Poisonous Vapours        Pois/Air       0%         N/A       98%         2
 Searing Ray              Conj           0%         2d4       98%         2
 Wereblood                Tmut           0%         N/A       98%         2
 Call Canine Familiar     Summ           0%         N/A       100%        3
 Frozen Ramparts          Ice            0%         1d2       100%        3
 Gell's Gravitas          Tloc           0%         N/A       100%        3
 Ignite Poison            Fire/Tmut/Pois 0%         N/A       100%        3
 Mephitic Cloud           Conj/Pois/Air  0%         N/A       100%        3
 Ozocubu's Armour         Ice            0%         N/A       100%        3
 Spider Form              Tmut/Pois      0%         N/A       100%        3
 Summon Guardian Golem    Hex/Summ       0%         N/A       100%        3
 Teleport Other           Tloc           0%         N/A       100%        3
 Tukima's Dance           Hex            0%         N/A       100%        3
 Hailstorm                Conj/Ice       0%         3d3       100%        4
 Ice Form                 Ice/Tmut       0%         N/A       100%        4
 Leda's Liquefaction      Hex/Erth       0%         N/A       100%        4
 Olgreb's Toxic Radiance  Pois           0%         N/A       100%        4
 Passage of Golubria      Tloc           0%         N/A       100%        4
 Blade Hands              Tmut           0%         N/A       100%        5
 Fireball                 Conj/Fire      0%         3d3       100%        5
 Freezing Cloud           Conj/Ice/Air   0%         6-21      100%        5
 Lee's Rapid Deconstruct  Erth           0%         3d5*      100%        5
 Summon Forest            Summ/Tloc      0%         N/A       100%        5
 Yara's Violent Unravell  Hex/Tmut       0%         3d3       100%        5
 Dispersal                Tloc           0%         N/A       100%        6
 Statue Form              Tmut/Erth      0%         N/A       100%        6
 Ozocubu's Refrigeration  Ice            0%         4d5       100%        7
 Ignition                 Fire           0%         3d3       100%        8
 Lehudib's Crystal Spear  Conj/Erth      0%         10d2      100%        8
 Shatter                  Erth           0%         3d5*      100%        9


Dungeon Overview and Level Annotations

Branches:
Dungeon (11/15)            Temple (0/1) D:6            Lair (6/6) D:11
 Shoals (4/4) Lair:3        Snake (0/4) Lair:2        Slime (0/5) Lair:5
    Orc (2/2) D:10            Elf (3/3) Orc:2         Sewer (visited)
  IceCv (visited)         Volcano (visited)

Altars:
Cheibriados
Dithmenos
Elyvilon
Gozag
Hepliaklqana
Ru
Uskayaw
Xom
Zin
The Shining One
Beogh
Jiyva

Shops:
D:4 (   D:11 *   Orc:2 (!([   Elf:2 *   Shoals:3 **


Innate Abilities, Weirdness & Mutations

You are resistant to damage.
You can heal yourself by infusing magical energy.
You resist negative energy. (rN+)
You passively map a large area around you.
You do not regenerate.
You possess an exceptional clarity of mind.
You expend magic power (3 MP) to strengthen your wands.


Message History

* * * LOW HITPOINT WARNING * * *
The water nymph drowns you!
* * * LOW HITPOINT WARNING * * *
Splash!
You fall into the shallow water.
Moving in this stuff is going to be slow.
You slice the water nymph!!
The water nymph is severely wounded.
You slash the plant! x2; A nearby plant withers and dies.
The water nymph casts a spell at you. The water swirls and strikes you!
* * * LOW HITPOINT WARNING * * *
You slash the water nymph!
The water nymph is almost dead.
You slice the plant!!
Your unstable footing causes you to fumble your attack.
A nearby plant withers and dies.
A manticore comes into view.
The water nymph points at you and mumbles some strange words.
The water swirls and strikes you!
* * * LOW HITPOINT WARNING * * *
A merfolk comes into view. It is wielding a +0 trident.
A snapping turtle comes into view.
You closely miss the water nymph.
The water nymph is almost dead.
The snapping turtle hisses angrily.
You block the water nymph's attack.
Your unstable footing causes you to fumble your attack.
The merfolk throws a throwing net.
You reflect the throwing net off an invisible shield around you!
The throwing net hits the merfolk.
The merfolk is caught in the net!
You hear a splash.
The merfolk struggles against the net.
The water nymph touches you. The water nymph drowns you!
* * * LOW HITPOINT WARNING * * *
Your unstable footing causes you to fumble your attack.
The merfolk struggles against the net.
The water nymph casts a spell at you. The water swirls and strikes you!
You die...

, ,
≈≈≈≈≈≈≈≈≈≈≈≈P≈≈≈≈≈≈≈≈≈≈≈≈≈
≈ ≈
≈≈≈≈≈≈≈≈≈≈P≈≈≈≈≈≈≈≈≈≈≈≈≈≈
≈≈≈≈≈≈≈≈≈≈≈≈≈≈≈≈≈≈≈≈≈≈≈≈≈
≈, , ,
.≈≈≈H≈≈PPP≈.P≈≈≈≈≈≈≈≈≈≈≈≈ ≈
,..P≈≈≈P≈≈t..≈≈≈≈≈≈≈≈≈≈≈≈≈
≈ *
#..≈≈≈≈≈).....≈..≈≈≈≈.≈.. ,
* #..≈≈≈)≈≈..#.).≈≈≈≈......
#..≈≈≈≈m≈.###.).≈≈≈......
,*
*..≈≈≈≈≈≈@.###.).≈≈≈≈.....
..≈≈≈≈≈).......≈≈≈≈≈..... ,
*
**?.≈≈≈≈P≈.....≈≈≈≈≈≈.....≈
*
,..m≈≈≈≈≈≈P..≈≈≈≈≈≈≈≈.≈.≈≈
, ,
....≈≈≈≈≈≈≈≈≈≈≈≈≈≈≈≈≈.≈≈. ,
, ...≈≈≈≈≈≈≈.≈≈≈≈≈≈≈≈≈≈≈.≈.
, ,,
###..P≈≈≈≈..≈≈≈≈≈≈≈≈≈≈≈≈) ,
, #..≈≈≈P≈≈≈≈≈≈≈≈≈≈≈≈≈≈≈) ,
≈≈≈≈≈≈≈≈≈≈≈.≈≈≈≈≈≈≈≈


You could see a snapping turtle, a merfolk (caught), a manticore and a water
nymph.

Vanquished Creatures
  2 deep elf master archers (Elf:3)
  Mlioglotl (Shoals:1)
  2 deep elf blademasters (Elf:3)
  Donald (Elf:1)
  Roxanne (Shoals:1)
  3 deep elf sorcerers (Elf:3)
  2 deep elf elementalists (Elf:3)
  5 deep elf demonologists (Elf:3)
  6 deep elf annihilators (Elf:3)
  The ghost of crawlogic the Impaler, a journeyman MiBe of Trog (Lair:6)
  2 merfolk javelineers (Shoals:4)
  Josephine (Shoals:1)
  A merfolk impaler (Shoals:4)
  3 deep elf death magi
  A deep elf high priest (Elf:3)
  6 hydras
  Harold (Lair:1)
  2 merfolk avatars
  2 catoblepae
  A merfolk aquamancer (Shoals:4)
  An alligator snapping turtle (Shoals:4)
  29 dancing weapons
  4 two-headed ogres
  Erica (Orc:1)
  3 centaur warriors
  A deep troll shaman (Lair:6)
  16 death yaks
  2 orc high priests
  Urug (Lair:5)
  9 deep elf knights
  Sonja (D:10)
  8 sea snakes
  A harpy (shapeshifter) (Elf:1)
  16 deep elf archers
  5 wizards (Volcano)
  A lindwurm (Lair:6)
  A necromancer (IceCv)
  3 orc knights (Orc:2)
  4 ugly things
  24 deep elf pyromancers
  26 deep elf zephyrmancers
  An oklob plant (Orc:2)
  The ghost of 101zpm the Gusty, a novice GnAE (D:7)
  3 cyclopes
  A faun (shapeshifter) (Elf:1)
  4 orc sorcerers
  11 fauns
  8 manticores
  5 toenail golems (Volcano)
  26 elephants
  10 merfolk sirens
  5 centaur zombies
  2 water nymphs (Shoals:4)
  8 black mambas
  19 cane toads
  An ice statue (IceCv)
  3 freezing wraiths (IceCv)
  12 komodo dragons
  An unseen horror (D:10)
  4 rime drakes
  11 ice devils (IceCv)
  5 polar bears
  A troll (shapeshifter) (Elf:1)
  14 merfolk
  A troll (Orc:2)
  3 entropy weaver simulacra (IceCv)
  3 wind drakes
  4 dream sheep (Shoals:3)
  42 blink frogs
  7 snapping turtles
  A vampire (D:11)
  Sigmund (D:5)
  A shadow (D:9)
  5 water elementals
  3 air elementals
  4 wraiths (Shoals:1)
  4 wyverns
  3 dire elephant simulacra (IceCv)
  52 yaks
  5 basilisks
  4 death yak simulacra (IceCv)
  A harpy simulacrum (IceCv)
  4 acid dragons
  3 wargs
  4 nagas (Lair:2)
  15 water moccasins
  32 orc warriors
  A black bear (D:6)
  A sky beast (D:4)
  3 ice beasts
  An ogre (Orc:1)
  19 wolves
  16 centaurs
  A phantom (D:5)
  7 kobold brigands
  9 bullfrogs
  2 earth elementals
  A gnoll sergeant (D:7)
  5 cane toad simulacra (IceCv)
  3 scorpions
  7 wights
  2 elephant simulacra (IceCv)
  A water moccasin skeleton (D:6)
  An electric eel (Lair:3)
  4 howler monkeys
  A bullfrog skeleton (D:5)
  5 hounds
  14 orc priests
  2 centaur skeletons
  6 jellies
  A gnoll shaman (D:6)
  6 hell rats (Lair:3)
  An iguana (D:5)
  10 orc wizards
  5 polar bear simulacra (IceCv)
  4 wolf simulacra (IceCv)
  A howler monkey zombie (D:8)
  11 gnolls
  4 naga simulacra (IceCv)
  9 adders
  A shadow imp (D:6)
  2 white imps
  An ufetubus (IceCv)
  2 adder skeletons (D:4)
  A worm (D:3)
  2 dart slugs (D:2)
  69 orcs
  10 endoplasms
  3 giant cockroaches
  7 hobgoblins
  7 quokkas
  12 ball pythons
  12 bats
  6 frilled lizards
  6 goblins
  27 kobolds
  6 rats
897 creatures vanquished.

Vanquished Creatures (collateral kills)
  A deep elf high priest (Elf:3)
1 creature vanquished.

Vanquished Creatures (others)
  A deep elf pyromancer (Elf:1)
  An orc (Orc:1)
  40 fungi
  116 plants
  2 starspawn tentacles (Shoals:1)
160 creatures vanquished.

Grand Total: 1058 creatures vanquished

Notes
Turn   | Place    | Note
-------+----------+-------------------------------------------
     0 | D:1      | Allula97 the Deep Dwarf Berserker began the quest for the
                  | Orb.
     0 | D:1      | Reached XP level 1. HP: 20/20 MP: 1/1
   165 | D:1      | Reached XP level 2. HP: 27/27 MP: 2/2
   573 | D:1      | Found a faded altar of an unknown god.
   724 | D:2      | Reached ** piety under Trog
   741 | D:2      | Reached skill level 4 in Axes
   741 | D:2      | Reached XP level 3. HP: 31/34 MP: 3/3
  1432 | D:3      | Found a hide-covered altar of Uskayaw.
  1433 | D:3      | Found a shadowy altar of Dithmenos.
  1741 | D:3      | Reached skill level 1 in Stealth
  1983 | D:3      | Reached XP level 4. HP: 42/42 MP: 4/4
  2106 | D:4      | Found an opulent altar of Gozag.
  2143 | D:4      | Found a glowing silver altar of Zin.
  2284 | D:4      | Reached skill level 5 in Axes
  2284 | D:4      | Reached XP level 5. HP: 25/49 MP: 5/5
  2345 | D:4      | Found a glowing drain.
  2349 | Sewer    | Entered a sewer
  2460 | Sewer    | Reached XP level 6. HP: 56/56 MP: 6/6
  2601 | Sewer    | Reached skill level 6 in Axes
  2606 | Sewer    | Reached XP level 7. HP: 63/63 MP: 7/7
  3011 | D:3      | Reached *** piety under Trog
  3012 | D:3      | Reached skill level 7 in Axes
  3282 | D:4      | Found Gompyag's Weapon Shoppe.
  3561 | D:5      | Entered Level 5 of the Dungeon
  3572 | D:5      | Found a faded altar of an unknown god.
  3572 | D:5      | Found a faded altar of an unknown god.
  3574 | D:5      | Found a hazy altar of Hepliaklqana.
  3642 | D:5      | Reached XP level 8. HP: 57/73 MP: 8/8
  3653 | D:5      | Identified a scroll of acquirement
  3654 | D:5      | Acquired the amulet "Katrotuq" {Reflect rElec SH+5}
  3709 | D:5      | Reached skill level 5 in Armour
  3856 | D:5      | Noticed Sigmund
  3865 | D:5      | Killed Sigmund
  3866 | D:5      | Reached skill level 8 in Axes
  4200 | D:6      | Found a glowing golden altar of the Shining One.
  4229 | D:6      | Reached skill level 5 in Fighting
  4271 | D:6      | Reached skill level 9 in Axes
  4271 | D:6      | Gained mutation: You passively map the area around you.
                  | [Deep Dwarf growth]
  4271 | D:6      | Reached XP level 9. HP: 81/81 MP: 9/9
  4317 | D:6      | Found a sacrificial altar of Ru.
  4358 | D:6      | Reached skill level 5 in Stealth
  4358 | D:6      | Reached skill level 1 in Shields
  4582 | D:6      | Reached skill level 5 in Dodging
  4834 | D:6      | Found a staircase to the Ecumenical Temple.
  5326 | D:7      | Reached skill level 10 in Axes
  5685 | D:7      | Found a runed translucent door.
  5711 | D:7      | Found a shimmering altar of Xom.
  5711 | D:7      | Noticed 101zpm's ghost (novice GnAE)
  5711 | D:7      | Noticed a +2 flail of chaos
  5733 | D:7      | Killed a +2 flail of chaos
  5790 | D:7      | Killed 101zpm's ghost
  5791 | D:7      | Reached XP level 10. HP: 60/91 MP: 10/10
  6278 | D:8      | Reached skill level 11 in Axes
  6284 | D:8      | HP: 4/89 [centaur warrior zombie (5)]
  6381 | D:8      | Noticed a two-headed ogre
  6391 | D:8      | Killed a two-headed ogre
  6551 | D:8      | Noticed a purple ugly thing
  6563 | D:8      | Killed a purple ugly thing
  7066 | D:9      | Reached skill level 12 in Axes
  7066 | D:9      | Reached XP level 11. HP: 64/103 MP: 11/11
  7067 | D:9      | Reached skill level 10 in Armour
  7067 | D:9      | Reached skill level 5 in Evocations
  7067 | D:9      | Reached XP level 12. HP: 71/114 MP: 12/12
  7068 | D:9      | Gained mutation: Your spells are a little harder to cast,
                  | but a little more powerful. [potion of mutation]
  7068 | D:9      | Gained mutation: You have a pair of small antennae on your
                  | head. [potion of mutation]
  7068 | D:9      | Gained mutation: You are partially covered in iridescent
                  | scales. (AC +2) [potion of mutation]
  7798 | D:9      | Found a runed translucent door.
  7867 | D:9      | Lost mutation: Your spells are a little harder to cast, but
                  | a little more powerful. [potion of mutation]
  7867 | D:9      | Lost mutation: You are partially covered in iridescent
                  | scales. (AC +2) [potion of mutation]
  7868 | D:9      | Lost mutation: You have a pair of small antennae on your
                  | head. [potion of mutation]
  7868 | D:9      | Gained mutation: Your skin changes colour to match your
                  | surroundings (Stealth+). [potion of mutation]
  8008 | D:10     | Entered Level 10 of the Dungeon
  8105 | D:10     | Noticed a two-headed ogre
  8123 | D:10     | Killed a two-headed ogre
  8124 | D:10     | Reached skill level 13 in Axes
  8251 | D:10     | Lost mutation: Your skin changes colour to match your
                  | surroundings (Stealth+). [potion of mutation]
  8251 | D:10     | Gained mutation: Your magical capacity is low. (-10% MP)
                  | [potion of mutation]
  8251 | D:10     | Lost mutation: Your magical capacity is low. (-10% MP)
                  | [potion of mutation]
  8251 | D:10     | Gained mutation: You sometimes lose the ability to read
                  | scrolls when taking damage. [potion of mutation]
  8251 | D:10     | Gained mutation: You possess an exceptional clarity of
                  | mind. [potion of mutation]
  8252 | D:10     | Lost mutation: You sometimes lose the ability to read
                  | scrolls when taking damage. [potion of mutation]
  8252 | D:10     | Lost mutation: You possess an exceptional clarity of mind.
                  | [potion of mutation]
  8252 | D:10     | Gained mutation: You are robust. (+10% HP) [potion of
                  | mutation]
  8300 | D:10     | Noticed a two-headed ogre
  8305 | D:10     | Noticed Sonja
  8306 | D:10     | Reached XP level 13. HP: 133/133 MP: 13/13
  8322 | D:10     | Cast into level 2 of the Abyss (Sonja)
  8347 | D:10     | Escaped the Abyss
  8376 | D:10     | Killed Sonja
  8729 | D:10     | Found a staircase to the Orcish Mines.
  8892 | D:10     | Found a snail-covered altar of Cheibriados.
  8916 | D:10     | Found a white marble altar of Elyvilon.
  9619 | D:11     | Found Wump's Assorted Antiques.
  9628 | D:11     | Bought a faintly glowing hat for 207 gold pieces
  9628 | D:11     | Identified the +0 hat of the Realm of Zot {-Tele Int+4
                  | Dex+10 Stlth+} (You bought it in a shop on level 11 of the
                  | Dungeon)
  9628 | D:11     | Bought a scroll labelled HACLUUR GAPAFO for 23 gold pieces
  9708 | D:11     | Identified the +4 chain mail of Qenao {rPois Slay+5}
  9732 | D:11     | Got the Grimoire of the Compass and Attacks
  9930 | D:11     | Reached skill level 14 in Axes
  9945 | D:11     | Reached skill level 10 in Fighting
  9948 | D:11     | Found a staircase to the Lair.
 10179 | Lair:1   | Entered Level 1 of the Lair of Beasts
 10419 | Lair:1   | Found a dark tunnel.
 10431 | Lair:1   | Noticed Harold
 10445 | Lair:1   | Killed Harold
 10454 | Volcano  | Entered a volcano
 10999 | Lair:1   | Reached skill level 15 in Axes
 11452 | Lair:2   | Gained mutation: You resist negative energy. (rN+) [Deep
                  | Dwarf growth]
 11452 | Lair:2   | Reached XP level 14. HP: 97/146 MP: 11/11
 11473 | Lair:2   | Found a staircase to the Snake Pit.
 11503 | Lair:2   | Reached skill level 1 in Maces & Flails
 12383 | Lair:3   | Found a staircase to the Shoals.
 12603 | Lair:3   | Reached skill level 10 in Dodging
 13347 | Lair:4   | Reached skill level 5 in Maces & Flails
 13536 | Lair:4   | Reached skill level 10 in Shields
 13609 | Lair:4   | Reached **** piety under Trog
 14435 | D:4      | Bought the +11 war axe of the Shining Light {holy, Fragile
                  | +Blink rC+++ Will+} for 1179 gold pieces
 14770 | Lair:5   | Reached XP level 15. HP: 94/156 MP: 8/8
 14778 | Lair:5   | Found a viscous altar of Jiyva.
 14779 | Lair:5   | Found a staircase to the Slime Pits.
 14984 | Lair:5   | Noticed Urug
 14998 | Lair:5   | Killed Urug
 15584 | Lair:6   | Entered Level 6 of the Lair of Beasts
 15729 | Lair:6   | Found a runed translucent door.
 15733 | Lair:6   | Noticed crawlogic's ghost (journeyman MiBe)
 15743 | Lair:6   | Killed crawlogic's ghost
 15744 | Lair:6   | Reached skill level 16 in Axes
 16454 | Lair:6   | Identified the +3 scimitar of Wealth {vorpal, rElec rPois
                  | Str-3 Dex-2}
 16952 | Orc:1    | Entered Level 1 of the Orcish Mines
 17044 | Orc:1    | Noticed Erica
 17069 | Orc:1    | Killed Erica
 17281 | Orc:2    | Entered Level 2 of the Orcish Mines
 17301 | Orc:2    | Found a frozen archway.
 17313 | IceCv    | Entered an ice cave
 17392 | IceCv    | Reached ***** piety under Trog
 17535 | IceCv    | Identified the ring of Henotheism {*Corrode rN+ Will+++
                  | Slay+2 SInv}
 17597 | IceCv    | Found an ancient bone altar of Kikubaaqudgha.
 17645 | IceCv    | Got the Compendium of the Glacier
 17927 | Orc:2    | Reached XP level 16. HP: 110/169 MP: 8/8
 18117 | Orc:2    | Found a staircase to the Elven Halls.
 18356 | Orc:2    | Found Rovauwn's Antique Weapon Shoppe.
 18356 | Orc:2    | Found Yturacr Urpho's Distillery.
 18358 | Orc:2    | Found Wofats's Antique Weapon Boutique.
 18360 | Orc:2    | Found Cuarumn's Antique Armour Emporium.
 18375 | Orc:2    | Bought a fine rapier for 261 gold pieces
 18375 | Orc:2    | Identified the +8 rapier of the Key {vorpal, rCorr Str+2
                  | Stlth+} (You bought it in a shop on level 2 of the Orcish
                  | Mines)
 18445 | Elf:1    | Entered Level 1 of the Elven Halls
 18765 | Elf:1    | Reached skill level 17 in Axes
 19034 | Elf:1    | Found the +8 demon blade "Leech" {vamp, Harm Drain rN+}
 19108 | Elf:1    | Noticed Donald
 19121 | Elf:1    | Killed Donald
 19163 | Elf:1    | Paralysed by an air elemental for 1 turns
 19174 | Elf:1    | HP: 6/172 [+4 broad axe of holy wrath (13)]
 19509 | Elf:2    | Found a flickering gateway to a bazaar.
 19517 | Bazaar   | Entered a bazaar
 19517 | Bazaar   | Found Luw Moni's Antique Armour Boutique.
 19517 | Bazaar   | Found Luum's General Store.
 19517 | Bazaar   | Found Nyusuwk's Distillery.
 19517 | Bazaar   | Found Ykhoonoe's Armour Shoppe.
 19519 | Bazaar   | Found Sageqou's Antique Armour Emporium.
 19519 | Bazaar   | Found Sugajaew's Armour Shop.
 19549 | Bazaar   | Bought a pair of glowing gloves for 240 gold pieces
 19570 | Bazaar   | Bought a potion of curing for 33 gold pieces
 19570 | Bazaar   | Bought a potion of curing for 33 gold pieces
 19570 | Bazaar   | Bought a potion of heal wounds for 55 gold pieces
 19570 | Bazaar   | Bought a potion of might for 44 gold pieces
 19712 | Elf:2    | Found Zilacat's General Store.
 19723 | Elf:2    | Bought a scroll of teleportation for 48 gold pieces
 19800 | Elf:2    | Received a gift from Trog
 20194 | Elf:2    | Found a large runed translucent door.
 20194 | Elf:2    | Found a large runed translucent door.
 20212 | Elf:2    | Found a large runed translucent door.
 20212 | Elf:2    | Found a large runed translucent door.
 20533 | Elf:2    | Reached XP level 17. HP: 128/181 MP: 0/7
 20736 | Elf:3    | Entered Level 3 of the Elven Halls
 20739 | Elf:3    | Received a gift from Trog
 21254 | Elf:3    | Noticed a Tzitzimitl
 21261 | Elf:3    | Reached skill level 18 in Axes
 21570 | Elf:3    | Noticed a deep elf blademaster
 21577 | Elf:3    | Identified the +0 robe "Maitseex" {Str+5}
 21580 | Elf:3    | Killed a deep elf blademaster
 21588 | Elf:3    | Identified the ring of Kuarucwu {rPois Int+6}
 21592 | Elf:3    | Noticed a deep elf master archer
 21599 | Elf:3    | Killed a deep elf master archer
 21612 | Elf:3    | Identified the +8 hand axe "Henwomi" {holy, Str+4}
 21662 | Elf:3    | Lost mutation: You are robust. (+10% HP) [potion of
                  | mutation]
 21662 | Elf:3    | Gained mutation: Your mind is acute. (Int +2) [potion of
                  | mutation]
 21662 | Elf:3    | Gained mutation: Your spells are a little harder to cast,
                  | but a little more powerful. [potion of mutation]
 21663 | Elf:3    | Lost mutation: Your spells are a little harder to cast, but
                  | a little more powerful. [potion of mutation]
 21663 | Elf:3    | Lost mutation: Your mind is acute. (Int +2) [potion of
                  | mutation]
 21663 | Elf:3    | Gained mutation: You expend magic power (3 MP) to
                  | strengthen your wands. [potion of mutation]
 21663 | Elf:3    | Gained mutation: You passively map a large area around you.
                  | [potion of mutation]
 21663 | Elf:3    | Gained mutation: You possess an exceptional clarity of
                  | mind. [potion of mutation]
 21696 | Elf:3    | Reached skill level 1 in Throwing
 21749 | Elf:3    | Noticed a deep elf blademaster
 21749 | Elf:3    | Noticed a deep elf master archer
 21759 | Elf:3    | Killed a deep elf blademaster
 21760 | Elf:3    | Identified the +0 plate armour "Geintoe" {Will+ Regen+
                  | Str+2 Stlth+}
 21760 | Elf:3    | Killed a deep elf master archer
 21768 | Elf:3    | Identified the +8 bardiche "Wyemavot" {distort, Dex+6}
 21772 | Elf:3    | Got the Disquisition on Ashen Battle Magic
 21773 | Elf:3    | Identified the +1 scale mail of Cowardice {rCorr MP+9 Str+6
                  | Slay-4}
 21784 | Elf:3    | Identified the +11 hand axe "Kamoxir" {spect, *Rage rElec
                  | rF++ Int+8}
 21791 | Elf:3    | Identified the +4 plate armour of Pappull {rC+ Dex+4}
 22345 | Shoals:1 | Entered Level 1 of the Shoals
 22353 | Shoals:1 | Noticed Josephine
 22365 | Shoals:1 | Killed Josephine
 22800 | Shoals:1 | Noticed Mlioglotl
 22802 | Shoals:1 | Noticed a tentacled monstrosity
 22809 | Shoals:1 | Killed Mlioglotl
 22855 | Shoals:1 | Identified Roxanne's Guide on Shape Shifting
 22855 | Shoals:1 | Noticed Roxanne
 22881 | Shoals:1 | Killed Roxanne
 22882 | Shoals:1 | Reached skill level 15 in Shields
 23329 | Shoals:3 | Found Epsiegayv's Overcharged Wands.
 23390 | Shoals:3 | Found Amebyel's General Store.
 23459 | Shoals:4 | Entered Level 4 of the Shoals
 23553 | Shoals:4 | Identified the +8 mace "Zidin" {holy, Str+3 Int+4}
 23626 | Shoals:4 | Mutation became permanent: You passively map the area
                  | around you. [Deep Dwarf growth]
 23626 | Shoals:4 | Gained mutation: You passively map a large area around you.
                  | [Deep Dwarf growth]
 23626 | Shoals:4 | Reached XP level 18. HP: 100/176 MP: 4/4
 23659 | Shoals:4 | Identified the amulet of the Rabble {Reflect rElec SH+5}
 23770 | Shoals:4 | HP: 3/176 [merfolk impaler/+2 vampiric trident (9)]
 23920 | Shoals:4 | Killed from afar by a water nymph

Illustrated notes

Levels and vault maps discovered:
D:1:      heliophobic_arrival_enchanted_forest, layout_loops_ring,
          dreamdust_ecumenical_altar_statues, st_stairs_12
D:2:      layout_loops_cross, grunt_ministairs_6
D:3:      minmay_chambers_of_threes, layout_loops_corners,
          amethyst_overflow_temple_binary
D:4:      nicolae_cairo_tiling_large_dashed, layout_loops_ring,
          pdpol_temple_overflow_zin_treasury_gozag_greed, gup_sewer_entry_bowl,
          serial_shops, nicolae_shop_bloodbath_and_beyond, serial_bayou_pond_c
D:5:      layout_rooms, nicolae_hepliaklqana_ecumenical_no_more,
          minmay_misc_feat_secret_circle, serial_bayou_lagoon_a, uniq_sigmund
D:6:      layout_basic, lemuel_crystal_altar, old_standard_altar,
          minmay_temple_entry_mist, serial_rivers,
          chequers_serial_rivers_large_a, chequers_serial_rivers_room_b,
          chequers_serial_rivers_micro_c, chequers_serial_rivers_room_a,
          chequers_serial_rivers_room_b
D:7:      layout_basic, ebering_ghost_xom, nicolae_zen_rock_garden
D:8:      layout_basic, hangedman_decor_slide_cut
D:9:      layout_loops_corners, lightli_church_of_beogh
D:10:     layout_stronghold, mainiacjoe_overflow_alcove_1,
          nicolae_overflow_crystal_walls, hiddenorc1_lemuel,
          serial_co_window_serial, co_window_of_opportunity_a,
          co_window_corner_a, co_window_paths_b, co_window_corner_a,
          co_window_of_opportunity_a, co_window_paths_b, co_window_paths_a,
          co_window_cross_1, co_window_paths_a, co_window_cross_4,
          co_window_corner_b, co_window_corner_b, co_window_corner_cb,
          co_window_cross_2, glass_columns_a, glass_columns_b, glass_columns_a,
          uniq_sonja
D:11:     minmay_blocky_corners, layout_long_grid, dpeg_lair_monsters,
          serial_shops, nicolae_shop_crystal
Lair:1:   layout_cave_pods, nicolae_volcano_entry_hallway, uniq_harold
Lair:2:   layout_hall_layers, guppyfry_snake_entry_garden, grunt_megastairs_3
Lair:3:   layout_gridlike, elwin_shoals_entry_rooms, minmay_hedge_maze
Lair:4:   layout_regular_city
Lair:5:   layout_cave_pods, dpeg_slime_entry_enclosed_altar,
          hibernation_bobbens, serial_bayou_shore_b, grunt_megastairs_1,
          uniq_urug
Lair:6:   grunt_lair_end_beastmaster, layout_gridlike, ebering_ghost_inner_flame
Shoals:1: layout_shoals, uniq_mlioglotl, uniq_roxanne, uniq_josephine
Shoals:2: layout_shoals
Shoals:3: layout_shoals, serial_shops, nicolae_shop_hallway_plus,
          nicolae_shop_overcharged_wands
Shoals:4: shoals_end_simple, layout_shoals
Orc:1:    layout_diamond_mine, uniq_erica
Orc:2:    st_orc_rangers, layout_caves, portal_ice_cave_entry_pillars_2,
          mines3_lemuel
Elf:1:    nicolae_elf_arrival_no_cutting_in_line, layout_gridlike, minivault_28,
          st_stairs_11, dreamdust_deal_with_the_devil, uniq_donald
Elf:2:    elven_hall_of_blades_hangedman_alternative
          [nicolae_blade_entry_splitting_headache], layout_gridlike,
          serial_glass, glass_columns_a, glass_columns_a, serial_shops,
          bzr_entry_water, nicolae_stop_n_shop_1, library_closet,
          wad_floor_pattern_1
Elf:3:    elf_hall_gauntlet_wide, layout_loops_cross, minmay_misc_feat_cross

Skill      XL: |  1  2  3  4  5  6  7  8  9 10 11 12 13 14 15 16 17 |
---------------+----------------------------------------------------+-----
Fighting       | 3 4 5 6 8 9 10 11 12 13 14 | 14.7
Axes           | 4 5 6 7 9 10 12 13 15 16 17 18 | 18.6
Stealth        | 1 2 3 4 5 6 |  6.3
Dodging        | 3 4 5 7 8 9 10 11 12 13 | 13.3
Armour         | 3 4 6 7 9 10 11 12 13 14 | 14.6
Shields        | 3 6 8 10 11 13 15 | 15.3
Evocations     | 3 5 6 |  6.1
Maces & Flails | 6 |  6.6
Throwing       | 2 |  2.0

Action                   |  1- 3 |  4- 6 |  7- 9 | 10-12 | 13-15 | 16-18 || total
-------------------------+-------+-------+-------+-------+-------+-------++-------
Melee: Hand axe          |   146 |   140 |   534 |    45 |       |       ||   865
       Punch             |     1 |     3 |     4 |       |       |       ||     8
       War axe           |       |       |       |   270 |   802 |   848 ||  1920
       Demon whip        |       |       |       |       |   606 |       ||   606
Throw: Dart              |       |       |       |       |       |    42 ||    42
Invok: Trog's Hand       |     2 |     5 |    18 |    13 |    41 |    47 ||   126
       Berserk           |       |     2 |     7 |     8 |    15 |    11 ||    43
       Brothers in Arms  |       |       |       |       |       |     2 ||     2
 Abil: Heal Wounds       |       |       |       |     6 |    29 |    21 ||    56
Evoke: Wand              |       |       |       |       |     3 |     3 ||     6
  Use: Scroll            |       |       |     9 |     7 |     4 |     3 ||    23
       Potion            |       |       |     1 |    14 |     4 |    12 ||    31
 Stab: Sleeping          |     1 |       |       |       |     8 |     3 ||    12
       Invisible         |       |       |     3 |     5 |       |       ||     8
       Distracted        |       |       |       |       |       |     1 ||     1
       Held in net/web   |       |       |       |       |       |     1 ||     1
Armor: Animal skin       |    13 |       |       |       |       |       ||    13
       Plate armour      |    92 |   132 |   300 |   161 |   105 |       ||   790
       Chain mail        |       |       |       |       |   221 |   136 ||   357
Dodge: Dodged            |    98 |    66 |   150 |    82 |   555 |   260 ||  1211
Block: Other             |       |       |    56 |       |       |       ||    56
       Buckler           |       |       |    49 |   169 |   841 |    87 ||  1146
       Reflection        |       |       |     1 |     2 |    55 |    99 ||   157
       Kite shield       |       |       |       |       |       |   510 ||   510
